Map: Rupi ghiacciate

Players

ßØrnǂBim

  • Race: Terran Terran

SkøArts

  • Race: Terran Terran
  • League: Silver

Razer

  • Race: Terran Terran
  • League: Silver

Mørtebianca - Winner!

  • Race: Zerg Zerg
  • League: Diamond

LaWeedaLoca - Winner!

  • Race: Protoss Protoss
  • League: Master

Jhyrachy - Winner!

  • Race: Zerg Zerg
  • League: Silver

VOD

Have the link to the VOD?

Description

Time

  • Played on: Dec. 17, 2015, 7:27 p.m.
  • Length: 7:03
Show
View Real Time Build Order
Export as new Build Order

ßØrnǂBim Terran 

Build Orders:  

Get SALT Encoding   

  12  0:01  SCV  
  13  0:13  SCV  
  14  0:22  Supply Depot  
  14  0:25  SCV  
  15  0:33  Refinery  
  15  0:43  SCV  
  15  0:47  Barracks  
  16  0:55  SCV  
  17  1:04  Barracks  
  17  1:07  SCV  
  18  1:25  SCV  
  19  1:36  Supply Depot  
  19  1:38  SCV  
  20  1:40  Barracks Tech Lab  
  20  1:48  Supply Depot  
  20  1:57  Supply Depot  
  20  1:58  Barracks Tech Lab  
  20  2:00  Reaper, SCV  
  22  2:13  Orbital Command, Refinery  
  22  2:18  Reaper  
  23  2:32  Reaper  
  23  3:03  Reaper  
  22  3:16  SCV  
  22  3:18  Reaper  
  24  3:28  SCV  
  25  3:35  Reaper  
  25  3:40  SCV  
  27  3:50  Reaper  
  27  3:52  SCV  
  29  4:12  Reaper, Supply Depot  
  29  4:13  SCV  
  31  4:18  Command Center  
  31  4:23  Supply Depot  
  31  4:25  SCV  
  32  4:37  SCV  
  32  4:47  Marine x2  
  34  4:56  SCV  
  35  5:05  Marine  
  36  5:08  SCV  
  29  5:30  Factory  
  29  5:32  Marauder  
  26  5:39  Orbital Command  
  20  5:47  SCV  
  18  6:00  SCV  
  19  6:06  Marauder, Marine  
  22  6:12  SCV  
  22  6:15  SCV  
  24  6:23  Marine  
  24  6:24  SCV  
  26  6:27  SCV  
  22  6:36  SCV  
  22  6:39  SCV  
Show
View Real Time Build Order
Export as new Build Order

SkøArts Terran 

Build Orders: Hellion Opening 

Get SALT Encoding   

  12  0:00  SCV  
  13  0:13  SCV  
  14  0:18  Supply Depot  
  14  0:25  SCV  
  15  0:37  Refinery  
  15  0:40  SCV  
  16  0:45  Barracks  
  16  0:52  SCV  
  17  1:04  SCV  
  18  1:20  SCV  
  18  1:25  Supply Depot  
  19  1:28  Refinery  
  19  1:33  Marine  
  19  1:38  Orbital Command  
  20  1:54  Factory  
  20  1:57  Barracks Reactor  
  20  2:05  SCV  
  21  2:17  SCV  
  22  2:29  SCV  
  23  2:33  Supply Depot  
  22  2:45  Marine  
  22  2:54  Hellion x2  
  26  3:01  Starport  
  26  3:03  Marine  
  27  3:21  Hellion x2  
  29  3:42  Hellion  
  29  3:43  Hellion  
  30  4:04  Hellion x2  
  34  4:15  Medivac  
  36  4:21  Supply Depot  
  36  4:38  Hellion  
  38  4:43  Supply Depot x2, Hellion  
  19  5:21  Widow Mine x2  
  21  5:47  Liberator  
  21  6:08  Barracks Tech Lab  
Show
View Real Time Build Order
Export as new Build Order

Razer Terran 

Build Orders:  

Get SALT Encoding   

  12  0:01  SCV  
  13  0:13  SCV  
  14  0:25  Supply Depot, SCV  
  15  0:32  Refinery  
  15  0:47  SCV  
  16  0:51  Barracks  
  16  0:59  SCV  
  18  1:11  SCV  
  18  1:21  Supply Depot  
  18  1:23  SCV  
  19  1:31  Barracks  
  19  1:35  SCV  
  20  1:45  Supply Depot  
  20  1:50  Barracks  
  20  1:53  SCV  
  21  1:56  Marine  
  22  2:06  SCV  
  23  2:14  Marine  
  24  2:18  SCV  
  25  2:41  Barracks Tech Lab  
  23  2:45  Marine  
  24  2:56  Marine  
  25  3:03  Marine  
  25  3:04  Orbital Command  
  26  3:13  Marine  
  27  3:21  Marine  
  28  3:31  Marine x2  
  30  3:39  Marine  
  28  3:49  Marine x2, Barracks  
  30  3:56  Marine  
  27  4:07  Marine x2  
  26  4:14  Marine  
  26  4:16  Supply Depot  
  27  4:24  Marine  
  27  4:25  Marine  
  29  4:32  Marine  
  27  4:42  Marine x2  
  26  4:50  Marine  
  24  5:00  Marine x2  
  23  5:08  Marine  
  23  5:13  SCV  
  25  5:18  Marine x2  
  27  5:25  SCV  
  27  5:26  Marine  
  28  5:36  Marine  
  28  5:37  Marine x2, SCV  
  31  5:43  Marine  
  31  5:49  SCV  
  33  5:56  Marine  
  31  6:14  Bunker  
  31  6:19  Marine  
  31  6:20  Marine, SCV  
  31  6:21  Marine x2  
  26  6:37  Marine  
  26  6:38  Marine  
  26  6:39  Marine x2  
Show
View Real Time Build Order
Export as new Build Order

Mørtebianca Zerg - Winner!

Build Orders: Pool First 

Get SALT Encoding   

  12  0:01  Drone  
  13  0:09  Drone  
  14  0:18  Extractor  
  13  0:26  Drone  
  14  0:32  Spawning Pool  
  13  0:36  Drone  
  14  0:45  Overlord  
  14  1:19  Queen, Metabolic Boost  
  14  1:21  Zergling x4  
  14  1:24  Zergling x2  
  20  1:32  Drone  
  20  1:42  Drone  
  21  2:00  Drone  
  22  2:01  Hatchery  
  21  2:10  Zergling x2  
  22  2:16  Overlord  
  22  2:36  Zergling x2  
  22  2:37  Zergling x6  
  26  2:47  Zergling x2  
  27  3:02  Zergling x2  
  27  3:03  Zergling x4  
  29  3:15  Zergling x4  
  29  3:26  Zergling x4  
  29  3:38  Zergling x4  
  30  3:47  Zergling x4  
  30  3:52  Zergling x6  
  27  3:58  Zergling x2  
  27  4:01  Zergling x2  
  28  4:07  Zergling x2  
  28  4:11  Zergling x2  
  28  4:12  Queen  
  31  4:18  Zergling x2  
  32  4:24  Zergling x6  
  34  4:34  Zergling x4  
  34  4:35  Overlord  
  36  4:39  Hatchery  
  36  4:41  Zergling x2  
  36  4:46  Overlord  
  35  4:56  Zergling x4  
  35  4:57  Zergling x4  
  33  5:04  Zergling x4  
  34  5:18  Zergling x2  
  34  5:19  Zergling x2  
  36  5:24  Zergling x2  
  36  5:25  Zergling x2  
  38  5:33  Zergling x4  
  40  5:36  Zergling x6  
  40  5:40  Drone  
  40  5:42  Drone x2  
  46  5:52  Drone x2  
  46  5:53  Drone  
  49  6:01  Drone x2  
  45  6:20  Zergling x10  
  45  6:21  Zergling x10  
  39  6:25  Zergling x2  
  39  6:26  Zergling x2  
  39  6:30  Drone  
  41  6:41  Zergling x2  
  41  6:42  Zergling x4  
Show
View Real Time Build Order
Export as new Build Order

LaWeedaLoca Protoss - Winner!

Build Orders: Mass Adepts 

Get SALT Encoding   

  12  0:01  Probe (Chrono Boost)  
  13  0:11  Probe (Chrono Boost)  
  14  0:18  Pylon  
  14  0:23  Probe (Chrono Boost)  
  15  0:36  Probe (Chrono Boost)  
  15  0:37  Gateway  
  16  0:48  Probe (Chrono Boost)  
  17  0:52  Gateway  
  17  1:00  Assimilator  
  17  1:01  Probe (Chrono Boost)  
  18  1:10  Assimilator  
  19  1:18  Probe (Chrono Boost)  
  19  1:21  Pylon  
  19  1:29  Probe (Chrono Boost)  
  19  1:30  Cybernetics Core  
  20  1:40  Probe (Chrono Boost)  
  20  1:46  Gateway  
  21  1:56  Gateway  
  21  2:03  Probe (Chrono Boost)  
  21  2:08  Adept  
  24  2:12  Adept  
  26  2:17  Warp Gate (Chrono Boost)  
  26  2:20  Probe  
  27  2:27  Pylon  
  27  2:37  Adept  
  29  2:41  Adept  
  31  3:04  Pylon  
  31  3:22  Probe  
  32  3:34  Nexus  
  32  3:44  Probe  
  33  3:56  Probe  
  34  4:08  Probe  
  35  4:16  Adept x3  
  39  4:21  Pylon  
  39  4:25  Pylon  
  39  4:39  Probe  
  40  4:54  Adept  
  40  4:55  Adept x2  
  40  4:56  Adept  
  46  5:06  Probe  
  43  5:07  Probe  
  44  5:17  Probe  
  44  5:19  Probe  
  46  5:28  Probe  
  46  5:31  Probe  
  48  5:38  Probe  
  48  5:41  Adept  
  48  5:42  Adept x3  
  57  5:49  Probe x2  
  55  6:01  Probe  
  56  6:07  Probe  
  57  6:13  Twilight Council  
  57  6:14  Probe  
  57  6:18  Probe  
  57  6:32  Gateway  
Show
View Real Time Build Order
Export as new Build Order

Jhyrachy Zerg - Winner!

Build Orders: Hatch First 

Get SALT Encoding   

  12  0:01  Drone  
  13  0:16  Overlord  
  13  0:27  Drone  
  14  0:38  Drone  
  14  0:40  Drone  
  14  0:42  Drone  
  17  1:03  Drone  
  18  1:05  Hatchery  
  18  1:06  Drone  
  18  1:11  Extractor  
  17  1:13  Drone  
  18  1:26  Spawning Pool  
  18  1:31  Drone  
  18  1:36  Drone  
  19  1:50  Drone  
  20  2:00  Drone  
  21  2:07  Overlord  
  21  2:16  Queen  
  21  2:22  Spine Crawler  
  22  2:27  Spine Crawler  
  21  2:32  Drone  
  21  2:33  Drone  
  23  2:40  Roach Warren  
  22  2:45  Spine Crawler  
  21  3:06  Queen  
  21  3:11  Drone  
  21  3:12  Drone x5  
  29  3:32  Lair  
  29  3:35  Extractor  
  29  3:37  Drone  
  29  3:38  Drone x5  
  34  3:48  Drone  
  35  4:13  Drone  
  35  4:16  Overlord  
  35  4:17  Overlord x2  
  36  4:32  Glial Reconstitution  
  36  4:34  Burrow  
  36  4:40  Drone x2  
  36  4:43  Drone x3  
  36  4:44  Drone  
  42  4:50  Overlord x4  
  42  5:17  Roach x7  
  56  5:41  Roach  
  56  5:42  Roach x7  
  72  6:05  Extractor  
  72  6:06  Drone x2  
  73  6:14  Roach x6  
  73  6:15  Roach x3  
  73  6:18  Overlord  
  91  6:26  Hatchery, Queen  
  92  6:38  Extractor, Roach x4  
Tags
 
Add a new tag
Caveats
  • Supply blocks, unpowered buildings, or Contaminate may cause inaccurate times.
  • Supply counts are checked every 10 seconds.